 Dungeon Sprint DCSS version 0.20.1-1-g8b1a95d (webtiles) character file.

21024 potatolord6000 the Warrior (level 12, -1/130 HPs)
             Began as a Demigod Fighter on May 25, 2017.
             Slain by Aizul (51 damage)
             ... in the Dungeon (Sprint IX: "|||||||||||||||||||||||||||||") on Aug 21, 2017.
             The game lasted 00:09:28 (2746 turns).

potatolord6000 the Warrior (Demigod Fighter)        Turns: 2746, Time: 00:09:29

Health: -1/130     AC: 31    Str: 30    XL:     12   Next: 21%
Magic:  15/15      EV: 10    Int: 12    God:
Gold:   1240       SH:  0    Dex: 15    Spells: 11/11 levels left

rFire    . . .     SeeInvis .   n - +6 scimitar (flame)
rCold    . . .     Gourm    .   A - +1 large shield
rNeg     . . .     Faith    .   y - +4 plate armour
rPois    +         Spirit   .   j - +2 hat
rElec    .         Reflect  .   c - +1 cloak
rCorr    .         Harm     .   z - +2 pair of gloves {archery}
MR       +....     NoTele   +   f - +1 pair of boots
Stlth    ..........             (no amulet)
Regen    0.4/turn               q - +2 ring of evasion
MPRegen  0.2/turn               b - +3 ring of strength

@: lethally poisoned (-1 -> -7), sleeping
A: repulsion field 1, high mp 1, poison resistance, robust 1
a: no special abilities


You were in the Dungeon.
You were very full.

You visited 1 branch You collected 1900 gold pieces.
You spent 660 gold pieces at shops.

Inventory:

Hand Weapons
 n - a +6 scimitar of flaming (weapon)
Armour
 c - a +1 cloak (worn)
 f - a +1 pair of boots (worn)
 j - a +2 hat (worn)
 y - a +4 plate armour (worn)
 z - a +2 pair of gloves of archery (worn)
 A - a +1 large shield (worn)
Jewellery
 b - a +3 ring of strength (right hand)
 q - a +2 ring of evasion (left hand)
Wands
 d - a wand of iceblast (5/15)
Scrolls
 k - 3 scrolls of blinking
 l - 5 scrolls of remove curse
 m - 2 scrolls of amnesia
 r - 2 scrolls of fear
 s - a scroll of identify
 t - a scroll of fog
 u - a scroll of magic mapping
Potions
 a - a potion of mutation
 e - 8 potions of curing
 g - 7 potions of heal wounds
 h - a potion of invisibility
 i - 4 potions of magic
 o - a potion of might
 p - a potion of resistance
 B - a potion of ambrosia {unknown}
Comestibles
 v - 40 fruits
 w - 12 bread rations
 x - 10 meat rations


   Skills:
 + Level 15.0 Fighting
 + Level 14.8 Long Blades
 + Level 15.0 Armour
 + Level 15.0 Shields


You had 11 spell levels left.
You didn't know any spells.

Dungeon Overview and Level Annotations

Branches:
Dungeon (1/1)

Shops:
D [:*!

Annotations:
D Aizul


Innate Abilities, Weirdness & Mutations

You have an increased reservoir of magic. (+10% MP)
You are surrounded by a mild repulsion field. (EV +2)
Your system is resistant to poisons. (rPois)
You are robust. (+10% HP)


Message History

Aizul coils herself and waves her upper body at you.
The bolt of poison hits you!
You are poisoned.
You resist.
You feel sick.
You closely miss Aizul.
You feel sick. You block Aizul's attack.
You slash Aizul! You burn Aizul.
Aizul is lightly wounded.
You feel sick. You block Aizul's attack.
You closely miss Aizul.
Aizul is lightly wounded.
You feel sick.
Aizul coils herself and waves her upper body at you.
You fall asleep.
You feel sick. Aizul hits you but does no damage. Aizul misses you.
You feel sick. Aizul barely misses you.
You feel sick.
Aizul screams, "I'll haunt your nightmares!"
Aizul hits you!!!
You die...

♣♣♣♣♣♣♣♣▓▓▓▓▓▓▓▓▓▓▓▓▓▓▓▓
([(..(..........@S......
▓▓▓▓▓▓▓▓▓▓▓▓▓▓▓▓▓▓▓▓▓▓▓▓▓▓▓▓▓▓▓▓▓
.[[[.[[[[.)))))))).=.=.'.........
▓▓▓▓▓▓▓▓▓▓▓▓▓▓▓▓▓▓▓▓▓▓▓▓▓▓▓▓▓▓▓▓.
.................................
▓▓▓▓▓▓▓▓▓▓▓▓▓▓▓▓▓▓▓▓▓▓▓▓▓▓▓▓▓▓▓▓▓
)[[[['.......[[))[.[.............
▓▓▓▓▓▓▓▓▓▓▓▓▓▓▓▓▓▓▓▓▓▓▓▓▓▓▓▓▓▓▓▓.
.................................


You could see Aizul.

Vanquished Creatures
  Nessos (D)
  Josephine (D)
  Erolcha (D)
  An ice dragon (D)
  A hydra (D)
  A deep troll earth mage (D)
  A deep troll shaman (D)
  Urug (D)
  10 orc high priests (D)
  An unseen horror (D)
  An orc knight (D)
  An ugly thing (D)
  A cyclops (D)
  Psyche (D)
  2 spiny frogs (D)
  3 komodo dragons (D)
  2 yaktaurs (D)
  A troll (D)
  A tyrant leech (D)
  A meliai (shapeshifter) (D)
  A blink frog (D)
  A wyvern (D)
  5 wraiths (D)
  A yak (D)
  A basilisk (D)
  2 vampire mosquitoes (D)
  A water moccasin (D)
  2 porcupines (D)
  14 orc warriors (D)
  A black bear (D)
  An ogre (D)
  A necrophage (D)
  A centaur (D)
  A wolf (D)
  3 crocodiles (D)
  A big kobold (shapeshifter) (D)
  8 bullfrogs (D)
  A wight (D)
  A crimson imp (D)
  5 orc priests (D)
  An orc wizard (D)
  A worker ant (D)
  An adder (D)
  An adder zombie (D)
  A dart slug (D)
  An adder simulacrum (D)
  9 orcs (D)
  A bat (D)
  A bat skeleton (D)
  A bat zombie (D)
  A hobgoblin (D)
  2 quokkas (D)
  A frilled lizard (D)
  A leopard gecko zombie (D)
  2 rats (D)
110 creatures vanquished.

Vanquished Creatures (others)
  A yaktaur (D)
1 creature vanquished.

Grand Total: 111 creatures vanquished

Notes
Turn   | Place    | Note
-------+----------+-------------------------------------------
     0 | D        | potatolord6000 the Demigod Fighter began the quest for the Orb.
     0 | D        | Reached XP level 1. HP: 18/18 MP: 3/3
    80 | D        | Noticed an ogre
    90 | D        | Reached XP level 2. HP: 25/26 MP: 4/4
    96 | D        | Killed an ogre
    96 | D        | Reached XP level 3. HP: 34/35 MP: 5/5
    96 | D        | Reached XP level 4. HP: 40/41 MP: 6/6
   107 | D        | Reached skill level 5 in Shields
   112 | D        | Found a roughly hewn altar of Beogh.
   112 | D        | Found a snail-covered altar of Cheibriados.
   112 | D        | Found a shadowy altar of Dithmenos.
   112 | D        | Found a white marble altar of Elyvilon.
   112 | D        | Found a blossoming altar of Fedhas.
   112 | D        | Found an opulent altar of Gozag.
   113 | D        | Found a hazy altar of Hepliaklqana.
   114 | D        | Found a viscous altar of Jiyva.
   115 | D        | Found an ancient bone altar of Kikubaaqudgha.
   116 | D        | Found a corrupted altar of Lugonu.
   117 | D        | Found a burning altar of Makhleb.
   118 | D        | Found a sparkling altar of Nemelex Xobeh.
   119 | D        | Found an iron altar of Okawaru.
   120 | D        | Found a stormy altar of Qazlal.
   123 | D        | Found a sacrificial altar of Ru.
   124 | D        | Found a deep blue altar of Sif Muna.
   125 | D        | Found a bloodstained altar of Trog.
   126 | D        | Found a hide-covered altar of Uskayaw.
   127 | D        | Found a radiant altar of Vehumet.
   129 | D        | Found a shimmering altar of Xom.
   130 | D        | Found a basalt altar of Yredelemnul.
   131 | D        | Found a glowing silver altar of Zin.
   132 | D        | Found a glowing golden altar of the Shining One.
   186 | D        | Noticed a yak
   186 | D        | Noticed a necrophage
   186 | D        | Noticed a bullfrog
   190 | D        | Killed a bullfrog
   190 | D        | Reached skill level 5 in Fighting
   190 | D        | Reached skill level 5 in Long Blades
   190 | D        | Reached skill level 5 in Armour
   190 | D        | Reached XP level 5. HP: 48/48 MP: 7/7
   193 | D        | Killed a necrophage
   205 | D        | Killed an unseen horror
   205 | D        | Reached XP level 6. HP: 43/61 MP: 8/8
   205 | D        | Reached XP level 7. HP: 47/68 MP: 9/9
   212 | D        | Killed a yak
   220 | D        | Noticed a troll
   220 | D        | Noticed a five-headed hydra
   224 | D        | Killed a two-headed hydra
   224 | D        | Reached XP level 8. HP: 41/78 MP: 10/10
   241 | D        | Killed a troll
   496 | D        | Noticed a komodo dragon
   496 | D        | Noticed a komodo dragon
   501 | D        | Killed a komodo dragon
   501 | D        | Reached skill level 10 in Fighting
   501 | D        | Reached skill level 10 in Armour
   501 | D        | Reached skill level 10 in Shields
   505 | D        | Reached skill level 10 in Long Blades
   505 | D        | Reached XP level 9. HP: 66/85 MP: 11/11
   514 | D        | Killed a komodo dragon
   598 | D        | Noticed a komodo dragon
   604 | D        | Noticed a spiny frog
   621 | D        | Killed a komodo dragon
   633 | D        | Killed a spiny frog
   826 | D        | Noticed a spiny frog
   830 | D        | Killed a spiny frog
   830 | D        | Reached XP level 10. HP: 85/96 MP: 13/13
   906 | D        | Noticed Urug
   923 | D        | Killed Urug
  1169 | D        | Noticed an orc high priest
  1187 | D        | Killed an orc high priest
  1432 | D        | Noticed an orc knight
  1448 | D        | Killed an orc knight
  1623 | D        | Found Fuel's Distillery.
  1623 | D        | Noticed an orc high priest
  1623 | D        | Noticed an orc high priest
  1623 | D        | Noticed an orc high priest
  1623 | D        | Noticed an orc high priest
  1627 | D        | Noticed an orc high priest
  1631 | D        | Killed an orc high priest
  1632 | D        | Found Uscho's Assorted Antiques.
  1636 | D        | Killed an orc high priest
  1636 | D        | Reached XP level 11. HP: 107/107 MP: 14/14
  1640 | D        | Killed an orc high priest
  1646 | D        | Noticed an orc high priest
  1647 | D        | Killed an orc high priest
  1652 | D        | Noticed an orc high priest
  1657 | D        | Killed an orc high priest
  1658 | D        | Found Syroh's Book Boutique.
  1666 | D        | Killed an orc high priest
  1671 | D        | Killed an orc high priest
  1672 | D        | Found Zeirah's Armour Shop.
  1997 | D        | Noticed an orc high priest
  1999 | D        | Noticed an orc high priest
  2005 | D        | Killed an orc high priest
  2014 | D        | Killed an orc high priest
  2025 | D        | Bought a +1 pair of gloves for 138 gold pieces
  2025 | D        | Bought a +2 hat for 192 gold pieces
  2053 | D        | Bought 2 potions of mutation for 176 gold pieces
  2053 | D        | Bought a potion of might for 44 gold pieces
  2053 | D        | Bought a potion of heal wounds for 55 gold pieces
  2053 | D        | Bought a potion of heal wounds for 55 gold pieces
  2053 | D        | Gained mutation: You are surrounded by a mild repulsion field. (EV +2) [potion of mutation]
  2053 | D        | Gained mutation: You are robust. (+10% HP) [potion of mutation]
  2053 | D        | Gained mutation: Your system is resistant to poisons. (rPois) [potion of mutation]
  2190 | D        | Noticed Josephine
  2205 | D        | Killed Josephine
  2480 | D        | Noticed an ice dragon
  2484 | D        | Noticed a deep troll shaman
  2498 | D        | Noticed a deep troll earth mage
  2504 | D        | Killed an ice dragon
  2511 | D        | Killed a deep troll shaman
  2534 | D        | Killed a deep troll earth mage
  2534 | D        | Reached XP level 12. HP: 97/129 MP: 15/15
  2678 | D        | Noticed Psyche
  2686 | D        | Killed Psyche
  2691 | D        | Noticed Nessos
  2693 | D        | Noticed Erolcha
  2701 | D        | Killed Erolcha
  2719 | D        | Killed Nessos
  2719 | D        | Reached skill level 15 in Fighting
  2719 | D        | Reached skill level 15 in Armour
  2719 | D        | Reached skill level 15 in Shields
  2724 | D        | Upgraded the game from 0.20-b1-24-gb21faa7 to 0.20.1-1-g8b1a95d
  2738 | D        | Noticed Aizul
  2746 | D        | Slain by Aizul

Skill      XL: |  1  2  3  4  5  6  7  8  9 10 11 12 |
---------------+-------------------------------------+-----
Long Blades    | 2 4 5 7 9 10 11 12 14 | 14.8
Armour         | 3 4 5 8 9 10 11 12 14 15 | 15.0
Shields        | 3 4 5 8 9 10 11 12 14 15 | 15.0
Fighting       | 3 4 5 8 9 10 11 13 14 15 | 15.0

Action                   |  1- 3 |  4- 6 |  7- 9 | 10-12 || total
-------------------------+-------+-------+-------+-------++-------
Melee: Long sword        |    29 |    11 |       |       ||    40
       Scimitar          |       |    16 |   100 |   284 ||   400
  Use: Potion            |     1 |     2 |     1 |     7 ||    11
       Scroll            |       |       |     2 |     4 ||     6
 Stab: Paralysed         |       |       |       |     3 ||     3
  Eat: Bread ration      |       |       |     1 |       ||     1
       Meat ration       |       |       |       |     2 ||     2
Armor: Scale mail        |     9 |    15 |    13 |       ||    37
       Plate armour      |       |       |    14 |    66 ||    80
Dodge: Dodged            |     8 |    11 |    21 |    38 ||    78
Block: Shield            |     9 |    12 |    46 |    89 ||   156
       Large shield      |       |       |       |    78 ||    78
       Rpst.: Long sword |     4 |     1 |       |       ||     5
       Scimitar          |       |     3 |     5 |     7 ||    15
